SL
NEW AMSTERDAM REPUBLICS @ ATHLETIC CLUB KC
10/04/2021
 
TOP OF THE 1ST
New Amsterdam Republics batting - Pitching for Athletic Club KC : RHP Billy Crawford
Pitching: RHP Billy Crawford
Batting: RHB Carlos Ortega 0-0: Ball
1-0: Swinging Strike
1-1: Called Strike
1-2: Ball
2-2: Ball
3-2: Foul Ball, location: 2F
3-2: Foul Ball, location: 2F
3-2: Strikes out looking
Batting: RHB Takeru Sanu 0-0: Called Strike
0-1: SINGLE (Groundball, 56D)
Batting: RHB Júlio Maldonado Pickoff Throw to First - Error! E1
Takeru Sanu to second
0-0: Called Strike
0-1: DOUBLE (Line Drive, 8LM)
Takeru Sanu scores
Batting: RHB Hank Wilder 0-0: Called Strike
0-1: Ball
1-1: Foul Ball, location: 2F
1-2: Strikes out looking
Batting: RHB Bryan Manning 0-0: Fly out, F7 (Flyball, 78S)
Top of the 1st over - 1 run(s), 2 hit(s), 1 error(s), 1 left on base; New Amsterdam 1 - Athletic Club KC 0
BOTTOM OF THE 1ST
Athletic Club KC batting - Pitching for New Amsterdam Republics : RHP Nathaniel Riley
Pitching: RHP Nathaniel Riley
Batting: RHB Jorge Trevino 0-0: Foul Ball, location: 2F
0-1: Called Strike
0-2: SINGLE (Line Drive, 34D)
Batting: LHB Thatcher Douglas 0-0: Foul Ball, location: 2F
0-1: Ball
1-1: Ball
2-1: SINGLE (Groundball, 4MD)
Jorge Trevino to second
Batting: LHB Emílio Sáenz 0-0: Ball
1-0: Swinging Strike
1-1: Swinging Strike
1-2: Ball
2-2: Strikes out looking
Batting: RHB José Rodríguez 0-0: Called Strike
0-1: Foul Ball, location: 2F
0-2: Foul Ball, location: 2F
0-2: Ball
1-2: Strikes out swinging
Batting: LHB Bob Davis 0-0: Ball
1-0: Called Strike
1-1: Ball
2-1: Swinging Strike
2-2: Strikes out swinging
Bottom of the 1st over - 0 run(s), 2 hit(s), 0 error(s), 2 left on base; New Amsterdam 1 - Athletic Club KC 0
TOP OF THE 2ND
New Amsterdam Republics batting - Pitching for Athletic Club KC : RHP Billy Crawford
Batting: RHB Ed Anderson 0-0: Ball
1-0: Ball
2-0: Called Strike
2-1: Swinging Strike
2-2: Ball
3-2: Strikes out swinging
Batting: LHB Félix López 0-0: Ball
1-0: SINGLE (Line Drive, 78S)
Batting: RHB Júlio Gruzmán 0-0: Called Strike
0-1: Ball
1-1: Ball
2-1: Foul Ball, location: 2F
2-2: Foul Ball, location: 2F
2-2: Ball
3-2: Foul Ball, location: 2F
3-2: Strikes out swinging
Batting: RHB Doug Reed 0-0: Ground out 3-1 (Groundball, 34)
Top of the 2nd over - 0 run(s), 1 hit(s), 0 error(s), 1 left on base; New Amsterdam 1 - Athletic Club KC 0
BOTTOM OF THE 2ND
Athletic Club KC batting - Pitching for New Amsterdam Republics : RHP Nathaniel Riley
Batting: RHB Ramón Souza 0-0: Foul Ball, location: 2F
0-1: Ball
1-1: Ball
2-1: Foul Ball, location: 2F
2-2: Ball
3-2: SOLO HOME RUN (Flyball, 7LD), Distance : 350 ft
Batting: RHB Rick Atkinson 0-0: Called Strike
0-1: Foul Ball, location: 2F
0-2: DOUBLE (Flyball, 7D)
Batting: RHB Ed Hopkins 0-0: Ball
1-0: Called Strike
1-1: Called Strike
1-2: Ball
2-2: Ball
3-2: Base on Balls
Batting: LHB Lawrence Washington 0-0: Called Strike
0-1: Foul Ball, location: 2F
0-2: Foul Ball, location: 2F
0-2: Ball
1-2: Strikes out swinging
Batting: RHB Jorge Trevino 0-0: SINGLE (Groundball, 56D)
Rick Atkinson to third
Ed Hopkins to second
Runner from 3rd tries for Home, SAFE, no throw or cutoff
Batting: LHB Thatcher Douglas 0-0: Ball
1-0: Called Strike
1-1: Foul Ball, location: 2F
1-2: Grounds into double play, 6-4-3 (Groundball, 6)
Bottom of the 2nd over - 2 run(s), 3 hit(s), 0 error(s), 1 left on base; New Amsterdam 1 - Athletic Club KC 2
TOP OF THE 3RD
New Amsterdam Republics batting - Pitching for Athletic Club KC : RHP Billy Crawford
Batting: RHB Carlos Ortega 0-0: Called Strike
0-1: Ball
1-1: Foul Ball, location: 2F
1-2: Fly out, F4 (Popup, 6MS)
Batting: RHB Takeru Sanu 0-0: Swinging Strike
0-1: Ball
1-1: Ball
2-1: Ball
3-1: Ground out 5-3 (Groundball, 56)
Batting: RHB Júlio Maldonado 0-0: Ball
1-0: Foul Ball, location: 2F
1-1: Foul Ball, location: 2F
1-2: Ball
2-2: Foul Ball, location: 2F
2-2: Ball
3-2: Strikes out swinging
Top of the 3rd over - 0 run(s), 0 hit(s), 0 error(s), 0 left on base; New Amsterdam 1 - Athletic Club KC 2
BOTTOM OF THE 3RD
Athletic Club KC batting - Pitching for New Amsterdam Republics : RHP Nathaniel Riley
Batting: LHB Emílio Sáenz 0-0: SOLO HOME RUN (Line Drive, 89XD), Distance : 426 ft
Batting: RHB José Rodríguez 0-0: Called Strike
0-1: SOLO HOME RUN (Flyball, 7LD), Distance : 356 ft
Batting: LHB Bob Davis 0-0: Called Strike
0-1: Foul Ball, location: 2F
0-2: Ball
1-2: Fly out, F7 (Flyball, 7M)
Batting: RHB Ramón Souza 0-0: Foul Ball, location: 2F
0-1: Ball
1-1: Foul Ball, location: 2F
1-2: Ground out 6-3 (Groundball, 6)
Batting: RHB Rick Atkinson 0-0: Called Strike
0-1: Foul Ball, location: 2F
0-2: Fly out, F9 (Flyball, 9M)
Bottom of the 3rd over - 2 run(s), 2 hit(s), 0 error(s), 0 left on base; New Amsterdam 1 - Athletic Club KC 4
TOP OF THE 4TH
New Amsterdam Republics batting - Pitching for Athletic Club KC : RHP Billy Crawford
Batting: RHB Hank Wilder 0-0: Ball
1-0: Called Strike
1-1: Called Strike
1-2: Foul Ball, location: 2F
1-2: Strikes out swinging
Batting: RHB Bryan Manning 0-0: Ball
1-0: Swinging Strike
1-1: Foul Ball, location: 2F
1-2: Strikes out swinging
Batting: RHB Ed Anderson 0-0: Swinging Strike
0-1: Ground out 6-3 (Groundball, 6)
Top of the 4th over - 0 run(s), 0 hit(s), 0 error(s), 0 left on base; New Amsterdam 1 - Athletic Club KC 4
BOTTOM OF THE 4TH
Athletic Club KC batting - Pitching for New Amsterdam Republics : RHP Nathaniel Riley
Batting: RHB Ed Hopkins 0-0: Ball
1-0: Ball
2-0: DOUBLE (Flyball, 7S)
Batting: LHB Lawrence Washington 0-0: Swinging Strike
0-1: Ball
1-1: Foul Ball, location: 2F
1-2: SINGLE (Groundball, 6MD)
Ed Hopkins to third
Batting: RHB Jorge Trevino 0-0: Foul Ball, location: 2F
0-1: Ball
1-1: Swinging Strike
1-2: Foul Ball, location: 2F
1-2: Fly out, F5 (Line Drive, 5)
Batting: LHB Thatcher Douglas 0-0: Ball
1-0: Fly out, F4 (Popup, 4D)
Batting: LHB Emílio Sáenz 0-0: Ball
1-0: Ball
2-0: 3-RUN HOME RUN (Flyball, 89XD), Distance : 421 ft
Pitching: LHP António Hernández
Batting: RHB José Rodríguez 0-0: Foul Ball, location: 2F
0-1: Ball
1-1: Foul Ball, location: 2F
1-2: Ball
2-2: Foul Ball, location: 2F
2-2: Fly out, F8 (Flyball, 8LM)
Bottom of the 4th over - 3 run(s), 3 hit(s), 0 error(s), 0 left on base; New Amsterdam 1 - Athletic Club KC 7
TOP OF THE 5TH
New Amsterdam Republics batting - Pitching for Athletic Club KC : RHP Billy Crawford
Batting: LHB Félix López 0-0: Called Strike
0-1: Swinging Strike
0-2: Strikes out swinging
Batting: RHB Júlio Gruzmán 0-0: Ball
1-0: Ball
2-0: Foul Ball, location: 2F
2-1: Ground out 4-3 (Groundball, 4M)
Batting: RHB Doug Reed 0-0: Ground out 1-3 (Groundball, 13S)
Top of the 5th over - 0 run(s), 0 hit(s), 0 error(s), 0 left on base; New Amsterdam 1 - Athletic Club KC 7
BOTTOM OF THE 5TH
Athletic Club KC batting - Pitching for New Amsterdam Republics : LHP António Hernández
Batting: LHB Bob Davis 0-0: Ball
1-0: Ball
2-0: Ball
3-0: Base on Balls
Batting: RHB Ramón Souza 0-0: Ball
1-0: Ball
2-0: Foul Ball, location: 2F
2-1: Foul Ball, location: 2F
2-2: Ball
3-2: DOUBLE (Groundball, 5L)
Bob Davis to third
Batting: RHB Rick Atkinson 0-0: Called Strike
0-1: Swinging Strike
0-2: Strikes out swinging
Batting: RHB Ed Hopkins 0-0: Foul Ball, location: 2F
0-1: Ball
1-1: Swinging Strike
1-2: Foul Ball, location: 2F
1-2: Ground out 5-3 (Groundball, 56)
Bob Davis scores
Batting: LHB Lawrence Washington 0-0: Ball
1-0: Called Strike
1-1: SINGLE (Groundball, 6MD)
Ramón Souza to third
Runner from 3rd tries for Home, SAFE, no throw or cutoff
Batting: RHB Jorge Trevino 0-0: Ball
1-0: Ball
2-0: Called Strike
2-1: Ball
3-1: Foul Ball, location: 2F
3-2: Base on Balls
Lawrence Washington to second
Batting: LHB Thatcher Douglas 0-0: Ball
1-0: Ball
2-0: Ball
3-0: Called Strike
3-1: Called Strike
3-2: Ground out 1-3 (Groundball, 25)
Bottom of the 5th over - 2 run(s), 2 hit(s), 0 error(s), 2 left on base; New Amsterdam 1 - Athletic Club KC 9
TOP OF THE 6TH
New Amsterdam Republics batting - Pitching for Athletic Club KC : RHP Billy Crawford
Batting: RHB Carlos Ortega 0-0: Ball
1-0: Foul Ball, location: 2F
1-1: Ball
2-1: Foul Ball, location: 2F
2-2: Foul Ball, location: 2F
2-2: Ball
3-2: SOLO HOME RUN (Flyball, 9D), Distance : 386 ft
Batting: RHB Takeru Sanu 0-0: Ball
1-0: Ball
2-0: Ball
3-0: Called Strike
3-1: Foul Ball, location: 2F
3-2: Ground out 6-3 (Groundball, 6M)
Batting: RHB Júlio Maldonado 0-0: Foul Ball, location: 2F
0-1: Called Strike
0-2: Foul Ball, location: 2F
0-2: Ball
1-2: Ball
2-2: Foul Ball, location: 2F
2-2: Ground out 6-3 (Groundball, 6)
Batting: RHB Hank Wilder 0-0: Called Strike
0-1: Ball
1-1: Foul Ball, location: 2F
1-2: Ball
2-2: Ball
3-2: Ground out 1-3 (Groundball, 15)
Top of the 6th over - 1 run(s), 1 hit(s), 0 error(s), 0 left on base; New Amsterdam 2 - Athletic Club KC 9
BOTTOM OF THE 6TH
Athletic Club KC batting - Pitching for New Amsterdam Republics : LHP António Hernández
Batting: LHB Emílio Sáenz 0-0: Called Strike
0-1: Ball
1-1: Ball
2-1: Foul Ball, location: 2F
2-2: Ball
3-2: Base on Balls
Batting: RHB José Rodríguez 0-0: Ball
1-0: Ball
2-0: Swinging Strike
2-1: Grounds into double play, 2-6-3 (Groundball, 2L)
Batting: LHB Bob Davis 0-0: Called Strike
0-1: Swinging Strike
0-2: Foul Ball, location: 2F
0-2: Foul Ball, location: 2F
0-2: SINGLE (Flyball, 7S) - OUT at second base trying to stretch hit.
Bottom of the 6th over - 0 run(s), 1 hit(s), 0 error(s), 0 left on base; New Amsterdam 2 - Athletic Club KC 9
TOP OF THE 7TH
New Amsterdam Republics batting - Pitching for Athletic Club KC : RHP Billy Crawford
Batting: RHB Bryan Manning 0-0: Swinging Strike
0-1: Ball
1-1: Foul Ball, location: 2F
1-2: Strikes out swinging
Batting: RHB Ed Anderson 0-0: Ground out 6-3 (Groundball, 6S)
Batting: LHB Félix López 0-0: Called Strike
0-1: Ball
1-1: SOLO HOME RUN (Flyball, 9D), Distance : 401 ft
Batting: RHB Júlio Gruzmán 0-0: Ball
1-0: Ground out 5-3 (Groundball, 56)
Top of the 7th over - 1 run(s), 1 hit(s), 0 error(s), 0 left on base; New Amsterdam 3 - Athletic Club KC 9
BOTTOM OF THE 7TH
Athletic Club KC batting - Pitching for New Amsterdam Republics : LHP António Hernández
Pitching: LHP Michael Rondeau
Batting: RHB Ramón Souza 0-0: Called Strike
0-1: Ball
1-1: Ball
2-1: Foul Ball, location: 2F
2-2: Foul Ball, location: 2F
2-2: Ball
3-2: Base on Balls
Batting: RHB Rick Atkinson 0-0: Ball
1-0: Ball
2-0: Bunted foul
2-1: Reached on error, E1 (Groundball, 13S)
Ramón Souza to second
Batting: RHB Ed Hopkins 0-0: Called Strike
0-1: Ball
1-1: Called Strike
1-2: Foul Ball, location: 2F
1-2: Strikes out looking
Batting: LHB Lawrence Washington 0-0: Ball
1-0: Foul Ball, location: 2F
1-1: Fly out, F3 (Line Drive, 3)
Batting: RHB Jorge Trevino 0-0: Ball
1-0: Ball
2-0: Ball
3-0: Base on Balls
Ramón Souza to third
Rick Atkinson to second
Batting: LHB Thatcher Douglas 0-0: Ball
1-0: Fly out, F6 (Line Drive, 6)
Bottom of the 7th over - 0 run(s), 0 hit(s), 1 error(s), 3 left on base; New Amsterdam 3 - Athletic Club KC 9
TOP OF THE 8TH
New Amsterdam Republics batting - Pitching for Athletic Club KC : RHP Billy Crawford
Batting: RHB Doug Reed 0-0: Ground out 4-3 (Groundball, 4M)
Pitching: RHP Jeff Krause
Batting: RHB Carlos Ortega 0-0: Ball
1-0: Ball
2-0: Ball
3-0: Base on Balls
Batting: RHB Takeru Sanu 0-0: Called Strike
0-1: Ball
1-1: Ball
2-1: Foul Ball, location: 2F
2-2: Ball
3-2: Fly out, F8 (Flyball, 8RXD)
Batting: RHB Júlio Maldonado 0-0: Called Strike
0-1: Ball
1-1: Foul Ball, location: 2F
1-2: Ball
2-2: Ball
3-2: Fly out, F8 (Flyball, 8LD)
Top of the 8th over - 0 run(s), 0 hit(s), 0 error(s), 1 left on base; New Amsterdam 3 - Athletic Club KC 9
BOTTOM OF THE 8TH
Athletic Club KC batting - Pitching for New Amsterdam Republics : LHP Michael Rondeau
Batting: LHB Emílio Sáenz 0-0: Foul Ball, location: 2F
0-1: Ball
1-1: Swinging Strike
1-2: Ball
2-2: Ball
3-2: Base on Balls
Batting: RHB José Rodríguez 0-0: Ball
1-0: Ball
Emílio Sáenz steals 2nd base
2-0: Foul Ball, location: 2F
2-1: Ball
3-1: Called Strike
3-2: Base on Balls
Batting: LHB Bob Davis 0-0: Ball
Passed Ball!
Emílio Sáenz to third
José Rodríguez to second
1-0: Ground out 1-3 (Groundball, 13S)
Batting: RHB Ramón Souza 0-0: Ball
1-0: Ball
2-0: Foul Ball, location: 2F
2-1: Called Strike
2-2: Ball
3-2: 3-RUN HOME RUN (Flyball, 78XD), Distance : 418 ft
Pinch Hitting: RHB Bill Dennis 0-0: Ball
1-0: Fly out, F9 (Flyball, 89D)
Batting: RHB Ed Hopkins 0-0: Foul Ball, location: 2F
0-1: Ball
1-1: Ball
2-1: Called Strike
2-2: Ball
3-2: Strikes out swinging
Bottom of the 8th over - 3 run(s), 1 hit(s), 0 error(s), 0 left on base; New Amsterdam 3 - Athletic Club KC 12
TOP OF THE 9TH
New Amsterdam Republics batting - Pitching for Athletic Club KC : RHP Jeff Krause
Now at 3B: Bill Dennis
Batting: RHB Hank Wilder 0-0: Ball
1-0: Ball
2-0: Foul Ball, location: 2F
2-1: Ground out 6-3 (Groundball, 56)
Batting: RHB Bryan Manning 0-0: Called Strike
0-1: DOUBLE (Groundball, 5L)
Batting: RHB Ed Anderson 0-0: Ball
1-0: Called Strike
1-1: Fly out, F9 (Flyball, 89S)
Batting: LHB Félix López 0-0: SINGLE (Line Drive, 8LS)
Bryan Manning to third
Batting: RHB Júlio Gruzmán 0-0: Swinging Strike
0-1: Ball
1-1: Ball
2-1: Called Strike
2-2: SINGLE (Groundball, 6)
Bryan Manning scores
Félix López to second
Batting: RHB Doug Reed 0-0: Foul Ball, location: 2F
0-1: Called Strike
0-2: Ball
1-2: Fly out, F6 (Line Drive, 6)
Top of the 9th over - 1 run(s), 3 hit(s), 0 error(s), 2 left on base; New Amsterdam 4 - Athletic Club KC 12
This league is powered by Out of the Park Baseball, the baseball management simulation game for PC, Mac and Linux
Friday, January 22nd, 2016 - OOTP Baseball 16.9 Build 39